 Dungeon Crawl Stone Soup version 0.30-a0-760-g5a9884bb7c (webtiles) character file.

Game seed: 6380205364901989622

75 retardedninja the Cudgeller (level 4, -1/34 HPs)
             Began as a Demonspawn Gladiator on Feb 10, 2023.
             Killed from afar by Sigmund (7 damage)
             ... with a puff of flame
             ... on level 2 of the Dungeon.
             The game lasted 00:01:57 (1095 turns).

retardedninja the Cudgeller (Demonspawn Gladiator)  Turns: 1095, Time: 00:01:58

Health: -1/34      AC:  8    Str: 16    XL:     4   Next: 11%
Magic:  4/4        EV:  7    Int: 10    God:
Gold:   45         SH:  0    Dex: 14    Spells: 3/3 levels left

rFire   . . .      SeeInvis .    a - +0 flail
rCold   . . .      Faith    .    n - +0 buckler
rNeg    . . .      Spirit   .    p - +0 chain mail
rPois   +          Reflect  .    (helmet restricted)
rElec   .          Harm     .    (no cloak)
rCorr   .          Rampage  .    (no gloves)
Will    .....                    (no boots) Stlth
                                 (no amulet)
HPRegen 1.05/turn                (no ring)
MPRegen 0.09/turn                (no ring)

@: confused, mighty, attractive
A: hooves 1, horns 1, spiny 1, poison resistance, regeneration 1
a: no special abilities


You were on level 2 of the Dungeon.
You visited 1 branch of the dungeon, and saw 2 of its levels.

You collected 45 gold pieces.

Inventory:

Hand Weapons
 a - a +0 flail (weapon)
Missiles
 d - 2 throwing nets (quivered)
 e - a javelin
Armour
 n - a +0 buckler (worn)
 p - a +0 chain mail (worn)
Jewellery
 q - a ring of positive energy
Scrolls
 c - a scroll of summoning {unknown}
 f - 2 scrolls of magic mapping {unknown}
 g - a scroll of vulnerability {unknown}
 h - a scroll of identify {unknown}
 i - a scroll of poison {unknown}
 j - a scroll of noise {unknown}
 m - a scroll of enchant armour {unknown}
 o - a scroll of teleportation {unknown}
 r - a scroll of immolation {unknown}


   Skills:
 + Level 2.6 Fighting
 * Level 3.5 Maces & Flails
 + Level 2.3 Throwing
 + Level 3.1 Dodging


You had 3 spell levels left.
You didn't know any spells.
Your spell library was empty.

Dungeon Overview and Level Annotations

Branches:
Dungeon (2/15)

Altars:

Annotations:
D:2 Sigmund


Innate Abilities, Weirdness & Mutations

You have large cloven feet.
You have a pair of small horns on your head.
You are partially covered in sharp spines.
Your system is resistant to poisons. (rPois)
Your natural rate of healing is unusually fast.


Message History

* * * LOW HITPOINT WARNING * * *
It was a potion of might.
You feel very mighty all of a sudden. The adder bites you but does no damage.
You thump the adder!
You kill the adder!
Something hits you.
* * * LOW HITPOINT WARNING * * *
Something is attracted toward you.
You have reached level 4!
You feel clever.
Your demonic ancestry asserts itself...
Sharp spines emerge from parts of your body.
You thump something! Your kick misses something. You headbutt something.
You hear some strange, mumbled words.
You are confused.
You miss something. Your kick misses something. Your headbutt misses something.
Something hits you but does no damage.
You bump into the rock wall.
You hear some strange, mumbled words.
Something tries to affect you, but you resist.
You miss something. Your kick misses something. Your headbutt misses something.
You hear some strange, mumbled words.
Something tries to affect you, but you resist.
You miss something. Your kick misses something. Your headbutt misses something.
You hear some strange, mumbled words.
A magic dart appears from out of thin air!
The magic dart hits you.
* * * LOW HITPOINT WARNING * * *
You hear some strange, mumbled words.
You are more confused.
You bump into the rock wall.
You hear some strange, mumbled words.
You are more confused.
You barely miss something. Something hits you.
* * * LOW HITPOINT WARNING * * *
You bump into the rock wall.
You hear a zap.
A puff of flame appears from out of thin air!
The puff of flame hits you!
You die...

#..........##......#
#......###.........#
#......#### #......#
#.........# #.#..#
#.........###...#
##.........#..>#
#.........#.###
#.........#{# #####
#...[.....@.#
#...####
#........####
#.#..... #........#
#.######
####.....######
#....#..
#####.##...#
#.##.#.# #.##.#.#
#####.#.# #....#.#
#.....#.#
######.#####.#####..
#.....#....####


There were no monsters in sight!

Vanquished Creatures
  An iguana (D:2)
  3 adders (D:2)
  A ball python (D:1)
  2 endoplasms
  A giant cockroach (D:1)
  3 goblins
  A kobold (D:2)
  2 quokkas
  5 bats (D:1)
  3 frilled lizards (D:1)
  A rat (D:1)
23 creatures vanquished.

Notes
Turn   | Place    | Note
-------+----------+-------------------------------------------
     0 | D:1      | retardedninja the Demonspawn Gladiator began the quest for
                  | the Orb.
     0 | D:1      | Reached XP level 1. HP: 16/16 MP: 1/1
   168 | D:1      | Discovered your monstrous ancestry.
   168 | D:1      | Gained mutation: You have large cloven feet. [demonic
                  | ancestry]
   168 | D:1      | Reached XP level 2. HP: 22/22 MP: 2/2
   264 | D:1      | Found a faded altar of an unknown god.
   834 | D:2      | Gained mutation: You have a pair of small horns on your
                  | head. [demonic ancestry]
   834 | D:2      | Reached XP level 3. HP: 23/28 MP: 3/3
  1073 | D:2      | Noticed Sigmund
  1081 | D:2      | Gained mutation: Your natural rate of healing is unusually
                  | fast. [potion of mutation]
  1081 | D:2      | Gained mutation: Your system is resistant to poisons.
                  | (rPois) [potion of mutation]
  1086 | D:2      | HP: 1/28 [something (5)]
  1087 | D:2      | Gained mutation: You are partially covered in sharp spines.
                  | [demonic ancestry]
  1087 | D:2      | Reached XP level 4. HP: 2/34 MP: 4/4
  1095 | D:2      | Killed from afar by Sigmund

Illustrated notes

Levels and vault maps discovered:
D:1:      sevenhm_arrival_forest_fort_large_2, layout_loops_ring,
          shapermc_ecumenical_altar_mp_ritualfount, hangedman_decor_growths
D:2:      layout_basic, uniq_sigmund

Skill      XL: |  1  2  3 |
---------------+----------+-----
Maces & Flails | 3 |  3.5
Throwing       | 2 |  2.3
Dodging        | 3 |  3.1
Fighting       | |  2.6

Action                     |  1- 3 |  4- 6 || total
---------------------------+-------+-------++-------
  Melee: Flail             |    85 |     5 ||    90
         Kick              |     8 |       ||     8
         Headbutt          |     3 |     1 ||     4
  Throw: Throwing net      |     1 |       ||     1
    Use: Potion            |     3 |       ||     3
   Stab: Sleeping          |     1 |       ||     1
 Armour: Leather armour    |    22 |       ||    22
         Chain mail        |    26 |     1 ||    27
  Dodge: Dodged            |    63 |       ||    63
  Block: Buckler           |     6 |       ||     6

Table legend: (Time is in decaauts)
 A = Elapsed time spent in this place.
 B = Non-inter-level travel time spent in this place.
 C = Inter-level travel time spent in this place.
 D = Time resting spent in this place.
 E = Time spent auto-exploring this place.
 F = Levels seen in this place.
 G = Mean time per level.
                   A        B        C        D        E       F      G
               +--------+--------+--------+--------+--------+-----+--------+
         Total |   1119 |   1042 |     77 |      0 |    793 |   2 |  559.5 |
       Dungeon |   1119 |   1042 |     77 |      0 |    793 |   2 |  559.5 |
               +--------+--------+--------+--------+--------+-----+--------+

Top non-repeatable levels by time:
     D:1: 782 daAuts
     D:2: 336 daAuts
